Map: [ESL] Babylon

Players

herO - Winner!

  • Race: Protoss Protoss
  • Spawn Location: 11:00

trigger

  • Race: Protoss Protoss
  • Spawn Location: 5:00

Event: ESL SC2 Masters 2023 Summer (Finals)

VOD

Have the link to the VOD?

Description

Time

  • Played on: June 16, 2023, 10:32 a.m.
  • Length: 9:51

All games in this series

Show
View Real Time Build Order
Export as new Build Order

herO Protoss - Winner!

Build Orders: Phoenix Opening, Blink Stalkers 

Get SALT Encoding   

  12  0:00  Probe  
  13  0:12  Probe  
  14  0:19  Pylon  
  14  0:24  Probe (Chrono Boost)  
  15  0:37  Probe (Chrono Boost), Gateway  
  16  0:45  Probe (Chrono Boost)  
  16  0:46  Assimilator  
  17  0:52  Probe  
  18  1:03  Assimilator  
  18  1:04  Probe (Chrono Boost)  
  19  1:08  Gateway  
  19  1:13  Probe (Chrono Boost)  
  19  1:18  Probe (Chrono Boost)  
  20  1:25  Cybernetics Core  
  21  1:30  Probe  
  22  1:36  Pylon  
  22  1:42  Probe  
  23  2:01  Warp Gate, Stalker x2  
  27  2:31  Sentry  
  27  2:34  Nexus  
  29  2:37  Pylon  
  29  2:40  Sentry  
  31  2:55  Probe  
  31  2:56  Twilight Council  
  32  3:05  Phoenix  
  31  3:06  Stalker  
  31  3:07  Probe (Chrono Boost)  
  31  3:12  Pylon  
  34  3:19  Probe (Chrono Boost)  
  35  3:24  Probe (Chrono Boost)  
  36  3:30  Blink (Chrono Boost)  
  36  3:33  Probe (Chrono Boost)  
  37  3:44  Probe (Chrono Boost)  
  39  3:49  Probe (Chrono Boost), Stalker  
  39  3:51  Phoenix  
  39  3:54  Probe (Chrono Boost)  
  43  3:56  Probe (Chrono Boost)  
  43  3:58  Stalker  
  43  4:00  Probe (Chrono Boost)  
  45  4:03  Probe  
  46  4:12  Probe  
  46  4:14  Stalker  
  49  4:17  Probe  
  50  4:25  Probe  
  50  4:29  Probe  
  52  4:37  Nexus  
  52  4:39  Phoenix, Pylon  
  52  4:41  Probe x2  
  54  4:50  Stalker x2  
  58  4:54  Probe x2  
  60  5:02  Shield Battery x2  
  60  5:06  Probe x2  
  62  5:07  Pylon  
  62  5:09  Phoenix  
  62  5:14  Forge  
  62  5:17  Gateway  
  62  5:21  Probe x2  
  64  5:28  Stalker x2  
  64  5:34  Probe x2  
  70  5:39  Pylon  
  70  5:41  Gateway  
  70  5:44  Protoss Ground Weapons Level 1 (Chrono Boost)  
  70  5:47  Pylon  
  71  5:50  Probe x2  
  71  5:51  Probe  
  73  5:59  Pylon, Stalker  
  73  6:01  Stalker  
  77  6:07  Gateway  
  77  6:09  Gateway  
  77  6:14  Probe x2  
  77  6:15  Probe  
  80  6:20  Stalker, Shield Battery  
  80  6:24  Stalker  
  84  6:29  Gateway  
  84  6:30  Stalker  
  86  6:35  Probe x2, Robotics Facility  
  86  6:36  Probe  
  87  6:47  Probe x2  
  87  6:48  Probe  
  87  6:51  Pylon, Stalker  
  87  6:52  Stalker  
  94  6:55  Stalker  
  94  6:57  Zealot  
  94  7:00  Pylon  
  98  7:10  Pylon, Stalker x2  
  102  7:16  Stalker x2  
  102  7:20  Gateway, Stalker  
  107  7:27  Observer (Chrono Boost)  
  107  7:39  Zealot x6  
  107  7:42  Pylon  
  107  7:44  Pylon  
  117  7:52  Observer  
  117  7:58  Zealot, Charge (Chrono Boost)  
  116  7:59  Zealot x3  
  116  8:02  Zealot x3  
  129  8:08  Probe x3  
  131  8:20  Probe  
  131  8:22  Pylon  
  131  8:26  Zealot x2, Stalker x3, Assimilator  
  131  8:27  Zealot x2, Assimilator  
  148  8:30  Zealot  
  143  8:42  Observer  
  143  8:47  Warp Prism (Chrono Boost)  
  135  8:56  Zealot x6, Stalker x2  
  145  9:19  Zealot x6  
  145  9:23  Pylon  
  157  9:24  Pylon  
  149  9:35  Zealot x2  
  129  9:39  Zealot x6  
Show
View Real Time Build Order
Export as new Build Order

trigger Protoss 

Build Orders: 1 Gate Expand, Oracle Opening 

Get SALT Encoding   

  12  0:00  Probe  
  13  0:12  Probe  
  14  0:19  Pylon  
  14  0:24  Probe  
  15  0:37  Probe (Chrono Boost)  
  15  0:39  Gateway  
  16  0:46  Probe (Chrono Boost)  
  16  0:47  Assimilator  
  17  0:51  Probe (Chrono Boost)  
  18  1:03  Probe  
  19  1:20  Nexus  
  19  1:23  Probe  
  20  1:35  Cybernetics Core  
  20  1:38  Assimilator  
  20  1:42  Probe  
  21  1:49  Pylon  
  22  1:54  Probe  
  22  2:06  Probe  
  23  2:15  Stargate  
  23  2:18  Probe  
  24  2:23  Stalker  
  24  2:29  Shield Battery  
  26  2:31  Probe (Chrono Boost)  
  28  2:38  Warp Gate  
  28  2:40  Probe (Chrono Boost)  
  28  2:41  Probe (Chrono Boost)  
  29  2:47  Probe x2 (Chrono Boost)  
  31  2:54  Stalker  
  32  3:05  Shield Battery  
  32  3:08  Oracle (Chrono Boost)  
  35  3:15  Shield Battery  
  35  3:21  Pylon  
  35  3:23  Probe  
  37  3:32  Gateway  
  40  3:48  Stalker  
  42  3:51  Probe  
  42  3:52  Probe  
  44  3:58  Pylon  
  44  4:06  Probe (Chrono Boost)  
  44  4:07  Probe (Chrono Boost)  
  42  4:10  Twilight Council  
  42  4:12  Forge  
  42  4:16  Probe (Chrono Boost)  
  44  4:19  Probe (Chrono Boost)  
  44  4:21  Probe (Chrono Boost)  
  45  4:28  Probe  
  46  4:32  Probe  
  46  4:33  Assimilator  
  46  4:37  Protoss Ground Weapons Level 1  
  46  4:38  Stalker x2  
  49  4:39  Blink (Chrono Boost)  
  49  4:40  Probe  
  49  4:44  Probe  
  53  4:52  Probe  
  54  4:56  Probe  
  54  4:58  Gateway  
  55  5:01  Pylon  
  55  5:03  Stalker  
  55  5:04  Probe  
  55  5:06  Stalker  
  60  5:09  Probe  
  61  5:15  Gateway  
  61  5:25  Pylon  
  61  5:26  Robotics Facility  
  61  5:29  Stalker x2  
  65  5:43  Assimilator  
  65  5:44  Pylon  
  65  5:47  Gateway  
  65  5:50  Gateway  
  65  5:52  Stalker x2  
  65  5:55  Stalker  
  71  6:11  Warp Prism (Chrono Boost), Stalker  
  71  6:13  Pylon  
  71  6:16  Stalker  
  77  6:20  Stalker  
  77  6:23  Stalker  
  81  6:30  Pylon  
  81  6:41  Resonating Glaives  
  81  6:44  Stalker x3  
  81  6:46  Stalker  
  86  6:50  Pylon  
  87  6:54  Observer (Chrono Boost)  
  87  6:56  Protoss Ground Weapons Level 2 (Chrono Boost)  
  87  7:08  Pylon  
  87  7:19  Stalker x4  
  95  7:28  Stalker x2  
  99  7:33  Pylon  
  99  7:40  Probe  
  98  7:51  Nexus  
  98  7:53  Pylon  
  98  7:58  Stalker x3  
  102  8:03  Probe  
  105  8:11  Probe  
  104  8:15  Adept x3  
  104  8:19  Probe  
  111  8:23  Probe  
  112  8:31  Probe  
  113  8:43  Probe  
  114  8:50  Stalker x2  
  114  8:51  Stalker x4  
  114  8:54  Probe  
  126  8:55  Probe  
  122  9:04  Gateway  
  118  9:10  Shield Battery  
  118  9:11  Pylon  
  118  9:14  Adept x2, Sentry x3  
  118  9:15  Adept  
  127  9:24  Shield Battery  
  114  9:35  Adept x2  
  114  9:36  Adept  
  114  9:37  Adept  
  114  9:38  Zealot x2  
Tags
 
Add a new tag
Caveats
  • Supply blocks, unpowered buildings, or Contaminate may cause inaccurate times.
  • Supply counts are checked every 10 seconds.